 Dungeon Crawl Stone Soup version 0.22.1-1-ga44c0e5 (webtiles) character file.

858 Fuodd the Stinger (level 8, -4/64 HPs)
             Began as a Naga Venom Mage on Nov 3, 2018.
             Was a Believer of Dithmenos.
             Slain by a sky beast (5 damage)
             ... on level 5 of the Dungeon.
             The game lasted 00:50:14 (7420 turns).

Fuodd the Stinger (Naga Venom Mage)                 Turns: 7420, Time: 00:50:15

Health: -4/64      AC:  3    Str: 10    XL:     8   Next: 2%
Magic:  15/15      EV: 10    Int: 19    God:    Dithmenos [**....]
Gold:   134        SH:  0    Dex: 11    Spells: 12/16 levels left

rFire    . . .     SeeInvis +   h - +0 short sword
rCold    . . .     Gourm    .   (no shield)
rNeg     . . .     Faith    .   a - +0 robe
rPois    +         Spirit   .   (no helmet)
rElec    .         Reflect  .   (no cloak)
rCorr    +         Harm     .   (no gloves)
MR       +....                  (no barding)
Stlth    +++.......             (no amulet)
HPRegen  0.20/turn              p - ring of resist corrosion
MPRegen  0.14/turn              (no ring)

@: wreathed by umbra, very slow
A: large, see invisible, deformed body, poison resistance, slowness 2, slow
metabolism 1, spit poison 1, AC +2
a: Spit Poison, Shadow Step, Renounce Religion


You were on level 5 of the Dungeon.
You worshipped Dithmenos.
Dithmenos was pleased with you.
You were near starving.

You visited 1 branch of the dungeon, and saw 5 of its levels.

You collected 254 gold pieces.
You spent 120 gold pieces at shops.

Inventory:

Hand Weapons
 e - a +0 dagger
 h - a +0 short sword (weapon)
Missiles
 i - 244 stones (quivered)
Armour
 a - a +0 robe (worn)
 n - a +0 leather armour
Jewellery
 o - an uncursed amulet of guardian spirit
 p - a ring of resist corrosion (left hand)
Wands
 v - a wand of paralysis (11)
Scrolls
 d - 4 scrolls of teleportation {unknown}
 j - a scroll of fear {unknown}
 l - 3 scrolls of identify {unknown}
 m - a scroll of enchant weapon {unknown}
 q - 2 scrolls of blinking {unknown}
 s - a scroll of immolation {unknown}
 t - a scroll of random uselessness {unknown}
 w - 2 scrolls of enchant armour {unknown}
 x - 2 scrolls of remove curse {unknown}
Potions
 b - 2 potions of might {unknown}
 f - 2 potions of flight {unknown}
 g - a potion of ambrosia {unknown}
 k - 2 potions of brilliance {unknown}
 r - a potion of haste {unknown}
 z - 2 potions of curing
 A - a potion of heal wounds
Comestibles
 c - 6 rations


   Skills:
 + Level 1.5 Fighting
 + Level 1.4 Short Blades
 + Level 2.2 Dodging
 + Level 4.4 Stealth
 + Level 4.8 Spellcasting
 + Level 4.0 Conjurations
 + Level 0.1 Air Magic
 + Level 7.1 Poison Magic


You had 12 spell levels left.
You knew the following spells:

 Your Spells              Type           Power        Failure   Level  Hunger
a - Sting                 Conj/Pois      ####         1%          1    None
b - Mephitic Cloud        Conj/Pois/Air  ###.....     8%          3    ##.....

Your spell library contained the following spells:

 Spells                   Type           Power        Failure   Level  Hunger
 Poisonous Vapours        Pois/Air       ###...       4%          2    #......
 Olgreb's Toxic Radiance  Pois           ####....     7%          4    ####...
 Venom Bolt               Conj/Pois      ####......   34%         5    ######.


Dungeon Overview and Level Annotations

Branches:
Dungeon (5/15)
 Temple: D:4-7

Altars:
Dithmenos

Shops:
D:5 !!


Innate Abilities, Weirdness & Mutations

You cannot wear boots.
Your serpentine skin is tough. (AC +2)
You have supernaturally acute eyesight. (SInv)
Armour fits poorly on your strangely shaped body.
Your system is resistant to poisons. (rPois)
You cover ground very slowly.
You have a slow metabolism.
You can spit poison.


Message History

The crimson imp is lightly wounded.
The sky beast hits you.
* * * LOW HITPOINT WARNING * * *
The sky beast shocks you.
* * * LOW HITPOINT WARNING * * *
The crimson imp hits you but does no damage.
You closely miss the crimson imp.
The crimson imp is lightly wounded.
The sky beast misses you. The crimson imp hits you.
* * * LOW HITPOINT WARNING * * *
You hit the crimson imp but do no damage.
The crimson imp is lightly wounded.
The sky beast closely misses you.
The crimson imp hits you but does no damage.
You hit the crimson imp.
The crimson imp is lightly wounded.
The sky beast hits you.
* * * LOW HITPOINT WARNING * * *
The sky beast shocks you.
You die...

### ##
#.#########.#
#...........#
#######.#########.#
............# #.#
#######.###.# #.#
5.......#
#.#####.#######
#########
#....5@........
#######Y###### #.#
#.# #.# #.# #+# #.#
###.# #.# ...$# #.#


You could see a sky beast and a crimson imp.

Vanquished Creatures
  2 ogres
  Blork the orc (D:4)
  A scorpion (D:5)
  An orc priest (D:3)
  5 orc wizards
  A bullfrog skeleton (D:4)
  An iguana (D:4)
  3 worker ants
  12 adders
  4 gnolls
  An ooze (D:2)
  A worm (D:3)
  2 dart slugs (D:1)
  3 leopard geckos (D:3)
  10 orcs
  7 giant cockroaches
  9 goblins
  7 hobgoblins
  3 jackals
  2 quokkas
  A ball python (D:1)
  5 bats
  9 frilled lizards
  6 kobolds
  10 rats
107 creatures vanquished.

Vanquished Creatures (others)
  An orc wizard (D:4)
1 creature vanquished.

Grand Total: 108 creatures vanquished

Notes
Turn   | Place    | Note
-------+----------+-------------------------------------------
     0 | D:1      | Fuodd the Naga Venom Mage began the quest for the Orb.
     0 | D:1      | Reached XP level 1. HP: 15/15 MP: 3/3
   381 | D:1      | Reached XP level 2. HP: 22/22 MP: 3/5
   864 | D:1      | Reached XP level 3. HP: 21/28 MP: 2/6
   907 | D:1      | Learned a level 3 spell: Mephitic Cloud
  1389 | D:2      | Reached skill level 5 in Poison Magic
  1718 | D:2      | Reached XP level 4. HP: 34/36 MP: 2/7
  2134 | D:2      | Found a shadowy altar of Dithmenos.
  2139 | D:2      | Became a worshipper of Dithmenos the Shadowed
  2576 | D:3      | Reached XP level 5. HP: 15/43 MP: 1/9
  3464 | D:3      | Reached * piety under Dithmenos
  3631 | D:3      | Reached skill level 6 in Poison Magic
  3966 | D:3      | Reached XP level 6. HP: 14/50 MP: 1/11
  5354 | D:4      | Reached skill level 1 in Fighting
  5540 | D:4      | Reached XP level 7. HP: 56/57 MP: 10/13
  5591 | D:4      | Reached ** piety under Dithmenos
  5666 | D:5      | Entered Level 5 of the Dungeon
  6026 | D:4      | Reached skill level 1 in Short Blades
  6043 | D:4      | Noticed Blork the orc
  6132 | D:4      | Killed Blork the orc
  6784 | D:5      | Found Najogi's Distillery.
  6815 | D:5      | Reached skill level 7 in Poison Magic
  6881 | D:5      | Bought a potion of curing for 45 gold pieces
  6881 | D:5      | Bought a potion of heal wounds for 75 gold pieces
  6910 | D:5      | Reached XP level 8. HP: 64/64 MP: 6/15
  7016 | D:5      | Found Egoc's Distillery.
  7316 | D:5      | HP: 3/64 [crimson imp (1)]
  7420 | D:5      | HP: 1/64 [sky beast (3)]
  7420 | D:5      | Slain by a sky beast

Skill      XL: |  1  2  3  4  5  6  7 |
---------------+----------------------+-----
Poison Magic   | 5 6 7 |  7.1
Conjurations   | 2 3 4 |  4.0
Spellcasting   | 3 4 |  4.8
Stealth        | 4 |  4.4
Fighting       | 1 |  1.5
Dodging        | 2 |  2.2
Short Blades   | 1 |  1.4
Air Magic      | |  0.1

Action                   |  1- 3 |  4- 6 |  7- 9 || total
-------------------------+-------+-------+-------++-------
Melee: Dagger            |    16 |    34 |   141 ||   191
       Short sword       |       |       |    64 ||    64
 Cast: Sting             |    54 |   171 |    95 ||   320
       Mephitic Cloud    |       |       |     3 ||     3
  Use: Potion            |       |       |     1 ||     1
 Stab: Sleeping          |     3 |     2 |       ||     5
       Distracted        |       |       |     1 ||     1
  Eat: Chunk             |     2 |     9 |     4 ||    15
Armor: Robe              |     4 |    19 |    49 ||    72
Dodge: Dodged            |    16 |    66 |   101 ||   183
